 Dungeon Crawl Stone Soup version 0.30-b1-2-g02819fbbbe (webtiles) character file.

Game seed: 15658625376481316409

25 sanka the Gusty (level 3, 26/26 HPs)
             Began as a Hill Orc Air Elementalist on May 12, 2023.
             Was a Follower of Wu Jian.
             Quit the game on level 1 of the Dungeon.
             The game lasted 00:03:13 (825 turns).

sanka the Gusty (Hill Orc Air Elementalist)          Turns: 825, Time: 00:03:13

Health: 26/26      AC:  2    Str: 10    XL:     3   Next: 4%
Magic:  4/6        EV: 12    Int: 17    God:    Wu Jian [*.....]
Gold:   21         SH:  0    Dex: 11    Spells: 5/6 levels left

rFire   . . .        f - +0 short sword
rCold   . . .        (no shield)
rNeg    . . .        a - +0 robe
rPois   .            (no helmet)
rElec   .            (no cloak)
rCorr   .            (no gloves)
SInv    .            (no boots)
Will    .....        (no amulet)
Stlth   ++           (no ring)
HPRegen 0.24/turn    (no ring)
MPRegen 0.10/turn

%: no passive effects
@: no status effects
A: no striking features
a: Renounce Religion


You were on level 1 of the Dungeon.
You worshipped Wu Jian.
Wu Jian was aware of your devotion.
You visited 1 branch of the dungeon, and saw 1 of its levels.

You collected 21 gold pieces.

Inventory:

Hand Weapons
 e - a +0 club
 f - a +0 short sword (weapon)
Armour
 a - a +0 robe (worn)
Scrolls
 d - 2 scrolls of poison {unknown}
 g - a scroll of teleportation {unknown}
 h - a scroll of fog {unknown}
 i - a scroll of enchant weapon {unknown}
Potions
 b - a potion of magic
 c - a potion of lignification {unknown}


   Skills:
 - Level 1.5 Dodging
 - Level 1.5 Stealth
 - Level 2.0 Spellcasting
 + Level 2.4 Conjurations
 + Level 2.4 Air Magic


You had 5 spell levels left.
You knew the following spells:

 Your Spells              Type           Power      Damage    Failure   Level
a - Shock                 Conj/Air       36%        1d5       7%          1

Your spell library contained the following spells:

 Spells                   Type           Power      Damage    Failure   Level
 Static Discharge         Conj/Air       18%        2-3/arc   11%         2
 Swiftness                Air            9%         N/A       22%         3
 Sublimation of Blood     Necr           1%         N/A       28%         2
 Wereblood                Tmut           1%         N/A       28%         2
 Airstrike                Air            4%         2d(1-17)  56%         4
 Summon Hydra             Summ           0%         N/A       100%        7


Dungeon Overview and Level Annotations

Branches:
Dungeon (1/15)

Altars:
Wu Jian


Message History

Casting: Shock (safe; 7% risk of failure)
Confirm with . or Enter, or press ? or * to list all spells.
Aiming: Shock (safe; 7% risk of failure)
Press: ? - help, Shift-Dir - straight line, f - withered plant
Aim: a withered plant (100% to hit)
You miscast Shock.
You are very lightly contaminated with residual magic.
Nothing appears to happen.
Casting: Shock (safe; 7% risk of failure)
Confirm with . or Enter, or press ? or * to list all spells.
Aiming: Shock (safe; 7% risk of failure)
Press: ? - help, Shift-Dir - straight line, f/p - withered plant
Aim: a withered plant (100% to hit)
The zap hits the plant.
The plant begins to die.
The plant is lightly damaged.
The zap hits the withered plant.
The withered plant begins to crumble.
The withered plant is lightly damaged.
The zap hits the withered plant.
The withered plant begins to crumble.
The withered plant is lightly damaged.
The zap hits the withered plant.
The withered plant begins to crumble.
The withered plant is lightly damaged.
Unknown command.
Unknown command.
Unknown command.
You hit the plant.
The plant is lightly damaged.
You hit the plant.
The plant is lightly damaged.
The withered plant crumbles away. x3
You hit the plant.
The plant is lightly damaged.
A nearby plant withers and dies.
Your magical contamination has completely faded away.
There is a faded altar of an unknown god here.
This altar belongs to (a) Vehumet, (b) Trog or (c) Wu Jian, but you can't tell which.
Press the corresponding letter to learn more about a god, or press enter to convert or escape to cancel.
Wu Jian accepts your prayer! The Council welcomes you!
You can now perform damaging attacks by moving towards foes.
You can now lightly attack monsters by moving around them.
Are you sure you want to abandon this character and quit the game? (Confirm with "yes".)

..## #.# ###. ...##
###+### #g# #...
....####### #.....#
#.###.##
#.#.......####..P..#
#.#...##
#)######.....#...P.#
#...#### #.#
##.....#.....
#..##... #.#
#......# ...
###..#..##
#.#####......# #.#
#.g...........
#.##...†.....# #@#
########.#####
#......#.....###.##
#.. #
#.....##.....##P.P##
..##.# #
..#######†####PP...#
#.##.#### #.>#
#....#..#PP.PP#
#........
##.###.###..##P...P#
#..#.##..
#......#..###P..P.#
#.... #..
####.#...######'###
#..##.. #.#.....#
#.# #####.##.....


There were no monsters in sight!

Vanquished Creatures
  A dart slug (D:1)
  3 ball pythons (D:1)
  6 goblins (D:1)
  4 hobgoblins (D:1)
  A jackal (D:1)
  2 bats (D:1)
  A kobold (D:1)
  A rat (D:1)
19 creatures vanquished.

Vanquished Creatures (others)
  A bat (D:1)
  A plant (D:1)
  3 withered plants (D:1)
5 creatures vanquished.

Grand Total: 24 creatures vanquished

Notes
Turn   | Place    | Note
-------+----------+-------------------------------------------
     0 | D:1      | sanka the Hill Orc Air Elementalist began the quest for the
                  | Orb.
     0 | D:1      | Reached XP level 1. HP: 14/14 MP: 3/3
   241 | D:1      | Reached XP level 2. HP: 20/20 MP: 0/5
   698 | D:1      | Reached XP level 3. HP: 26/26 MP: 2/6
   785 | D:1      | Found a faded altar of an unknown god.
   824 | D:1      | Prayed at the altar of an unknown god.
   824 | D:1      | Became a worshipper of the Wu Jian Council
   824 | D:1      | Reached * piety under Wu Jian
   825 | D:1      | Quit the game

Illustrated notes

Levels and vault maps discovered:
D:1:      shiori_arrival_oz, layout_rooms, shapermc_ecumenical_altar_flowoftime,
          minmay_tiny_reverse_x

Skill      XL: |  1  2 |
---------------+-------+-----
Spellcasting   | 2 |  2.0
Conjurations   | 2 |  2.4
Dodging        | |  1.5
Stealth        | |  1.5
Air Magic      | |  2.4

Action                     || total
---------------------------++-------
  Melee: Unarmed           ||     1
         Short sword       ||     5
         Club              ||     2
   Cast: Shock             ||    38
 Armour: Robe              ||     4
  Dodge: Dodged            ||    17
